 Dungeon Crawl Stone Soup version 0.27-a0-1232-gc6a4cbde82 (webtiles) character file.

Game seed: 15671200256713527572

434 pokeman the Magician (level 6, -4/34 HPs)
             Began as a Deep Elf Hedge Wizard on June 8, 2021.
             Shot with a stone by a goblin (6 damage)
             ... on level 3 of the Dungeon.
             The game lasted 00:04:53 (3254 turns).

pokeman the Magician (Deep Elf Hedge Wizard)        Turns: 3254, Time: 00:04:54

Health: -4/34      AC:  3    Str:  7    XL:     6   Next: 67%
Magic:  15/18      EV: 12    Int: 21    God:
Gold:   14         SH:  0    Dex: 14    Spells: 8/19 levels left

rFire    . . .     SeeInvis .   k - +1 dagger (elec)
rCold    . . .     Faith    .   (no shield)
rNeg     . . .     Spirit   .   f - +0 leather armour
rPois    .         Reflect  .   c - +0 hat
rElec    .         Harm     .   (no cloak)
rCorr    .         Rampage  .   (no gloves)
Will     .....                  (no boots)
Stlth    ++........             (no amulet)
HPRegen  0.11/turn              (no ring)
MPRegen  0.16/turn              (no ring)

@: no status effects
A: no striking features
a: no special abilities


You were on level 3 of the Dungeon.
You visited 1 branch of the dungeon, and saw 3 of its levels.

You collected 44 gold pieces.
You spent 30 gold pieces at shops.

Inventory:

Hand Weapons
 d - a +4 hunting sling
 k - a +1 dagger of electrocution (weapon)
Missiles
 b - 23 sling bullets
 e - 43 arrows
 h - 139 stones
Armour
 c - a +0 hat (worn)
 f - a +0 leather armour (worn)
Wands
 r - a wand of flame (14)
Scrolls
 a - 2 scrolls of enchant weapon {unknown}
 j - a scroll of fear {unknown}
 l - 2 scrolls of identify {unknown}
 n - a scroll of fog {unknown}
 p - a scroll of noise {unknown}
 s - a scroll of teleportation
Potions
 g - a potion of mutation {unknown}
 i - a potion of curing {unknown}
 m - a potion of magic {unknown}
 o - a potion of flight {unknown}
 q - a potion of ambrosia {unknown}


   Skills:
 - Level 1.0 Fighting
 - Level 1.0 Armour
 - Level 4.0 Dodging
 + Level 2.4 Stealth
 * Level 7.2 Spellcasting
 + Level 3.4 Conjurations
 - Level 1.1 Summonings
 - Level 1.1 Translocations
 - Level 1.0 Fire Magic
 - Level 2.0 Air Magic
 + Level 0.1 Poison Magic


You had 8 spell levels left.
You knew the following spells:

 Your Spells              Type           Power      Damage    Failure   Level
a - Magic Dart            Conj           88%        1d7       3%          1
b - Mephitic Cloud        Conj/Pois/Air  15%        N/A       17%         3
c - Call Imp              Summ           12%        N/A       12%         2
d - Blink                 Tloc           N/A        N/A       12%         2
e - Conjure Flame         Conj/Fire      16%        6-21      16%         3

Your spell library contained the following spells:

 Spells                   Type           Power      Damage    Failure   Level
 Slow                     Hex            7%         N/A       19%         2


Dungeon Overview and Level Annotations

Branches:
Dungeon (3/15)

Altars:
Gozag
Okawaru

Shops:
D:2 (   D:3 [**

Annotations:
D:3 Ijyb


Message History

The goblin unwields a +0 club.
The goblin wields a +2 hunting sling of flaming.
It bursts into flame!
The goblin shoots a stone.
The stone hits you. The stone burns you.
You see here a quokka corpse.
Ijyb hits you with a +0 dagger.
Ijyb screams, "You nasty!
Big nasty!"
Casting: Mephitic Cloud (quite dangerous; 17% risk of failure)
Confirm with . or Enter, or press ? or * to list all spells.
The spell is quite dangerous to cast (17% risk of failure)!
Continue anyway?
Aiming: Mephitic Cloud (quite dangerous; 17% risk of failure)
Press: ? - help, Shift-Dir - straight line, f/p - Ijyb
Aim: Ijyb, wielding a +0 dagger, wearing a +3 leather armour of fire resistance and carrying a wand of paralysis (2) (lightly wounded, chance to affect: 86%) That beam is likely to hit you.
Continue anyway?
The ball explodes into a vile cloud!
The stinking cloud engulfs Ijyb but does no damage.
Ijyb is lightly wounded.
The stinking cloud engulfs you but does no damage.
You are engulfed in noxious fumes.
You choke on the stench!
You are confused.
You hear a shout! x5
Ijyb is engulfed in noxious fumes.
Ijyb appears confused.
The goblin shoots a stone.
The stone hits you but does no damage.
Unknown command.
You are engulfed in noxious fumes.
You choke on the stench!
You are more confused.
Ijyb hits you but does no damage.
The goblin shoots a stone.
The stone closely misses you.
Unknown command.
Ijyb is engulfed in noxious fumes.
Ijyb appears confused.
Ijyb hits you with a +0 dagger.
The goblin shoots a stone.
The stone hits you.
* * * LOW HITPOINT WARNING * * *
The stone burns you.
* * * LOW HITPOINT WARNING * * *
You feel less confused.
Ijyb is engulfed in noxious fumes.
Ijyb appears confused.
Ijyb hits you with a +0 dagger.
* * * LOW HITPOINT WARNING * * *
The goblin shoots a stone.
The stone hits you.
You die...

#..##.##.... . ...>
##..#...#... ...#.#### #.
#...)......# #.......# ##
...._....## #....... ## ..
.........###.......#####>
.... #...#....# #.#.##.......
.....##)##...∩###...#####....
........†g.##..##...#####.###
.........#..@○..†.........###
.......###.g.○....<.)..<.....
....... #..............#####
....... #...........∩..# #
####### #..............# #
#..............# #
#........####### # ##########
#


You could see Ijyb (confused) and a goblin.

Vanquished Creatures
  Sigmund (D:3)
  A jelly (D:2)
  Jessica (D:3)
  Terence (D:2)
  An adder (D:2)
  2 dart slugs
  8 ball pythons
  5 bats
  9 endoplasms
  2 giant cockroaches
  5 goblins
  6 hobgoblins
  3 jackals (D:3)
  4 kobolds
  2 quokkas
  A frilled lizard (D:1)
  3 rats
55 creatures vanquished.

Vanquished Creatures (collateral kills)
  Grinder (D:3)
1 creature vanquished.

Grand Total: 56 creatures vanquished

Notes
Turn   | Place    | Note
-------+----------+-------------------------------------------
     0 | D:1      | pokeman the Deep Elf Hedge Wizard began the quest for the
                  | Orb.
     0 | D:1      | Reached XP level 1. HP: 10/10 MP: 7/7
   284 | D:1      | Reached XP level 2. HP: 15/15 MP: 2/9
   792 | D:1      | Found a faded altar of an unknown god.
   906 | D:1      | Reached skill level 5 in Spellcasting
  1627 | D:2      | Reached XP level 3. HP: 19/20 MP: 4/11
  1631 | D:2      | Learned a level 3 spell: Mephitic Cloud
  1634 | D:2      | Learned a level 2 spell: Call Imp
  1637 | D:2      | Learned a level 2 spell: Blink
  1641 | D:2      | Learned a level 3 spell: Conjure Flame
  1683 | D:2      | Noticed Terence
  1699 | D:2      | Killed Terence
  1700 | D:2      | Reached skill level 1 in Fighting
  1700 | D:2      | Reached skill level 1 in Armour
  1861 | D:2      | Found Conaw's Antique Weapon Shoppe.
  1889 | D:2      | HP: 1/20 [acid (6)]
  1892 | D:2      | Reached XP level 4. HP: 2/25 MP: 3/13
  2642 | D:2      | Reached skill level 1 in Fire Magic
  2726 | D:2      | Found an opulent altar of Gozag.
  2898 | D:3      | Noticed Sigmund
  2905 | D:3      | Noticed Jessica
  2911 | D:3      | Killed Sigmund
  2912 | D:3      | Reached skill level 6 in Spellcasting
  2912 | D:3      | Reached skill level 1 in Air Magic
  2912 | D:3      | Reached XP level 5. HP: 25/29 MP: 4/16
  2912 | D:3      | Reached XP level 6. HP: 29/34 MP: 4/17
  2912 | D:3      | Killed Jessica
  2919 | D:3      | Noticed Grinder
  2959 | D:3      | Killed Grinder
  2960 | D:3      | Reached skill level 7 in Spellcasting
  3125 | D:3      | Found Dideac's General Store.
  3155 | D:3      | Bought a scroll of teleportation for 30 gold pieces
  3174 | D:3      | Found Zujuedua's General Store.
  3208 | D:3      | Found Kigosink's Antique Armour Emporium.
  3220 | D:3      | Found an iron altar of Okawaru.
  3224 | D:3      | Noticed Ijyb
  3254 | D:3      | Shot with a stone by a goblin

Illustrated notes

Levels and vault maps discovered:
D:1:      kennysheep_arrival_forest, layout_basic, basic_ecumenical_altar
D:2:      layout_rooms, serial_shops, nicolae_shop_window_shopping, basic_altar,
          uniq_terence
D:3:      layout_rooms, okawaru_gym_becter, nicolae_overflow_crystal_walls,
          serial_shops, shop, shop, shop, uniq_sigmund, uniq_grinder,
          uniq_robin, uniq_ijyb, uniq_jessica

Skill      XL: |  1  2  3  4  5  6 |
---------------+-------------------+-----
Spellcasting   | 5 6 7 |  7.2
Fighting       | 1 |  1.0
Armour         | 1 |  1.0
Conjurations   | 2 3 |  3.4
Fire Magic     | 1 |  1.0
Dodging        | 3 4 |  4.0
Air Magic      | 1 2 |  2.0
Stealth        | |  2.4
Summonings     | |  1.1
Translocations | |  1.1
Poison Magic   | |  0.1

Action                   |  1- 3 |  4- 6 || total
-------------------------+-------+-------++-------
Melee: Dagger            |     1 |    21 ||    22
 Cast: Magic Dart        |    72 |    51 ||   123
       Mephitic Cloud    |     1 |     3 ||     4
       Conjure Flame     |     1 |     1 ||     2
       Call Imp          |       |     5 ||     5
 Stab: Confused          |     1 |     1 ||     2
Armor: Robe              |     2 |       ||     2
       Leather armour    |     3 |     8 ||    11
Dodge: Dodged            |     6 |    10 ||    16

Table legend: (Time is in decaauts)
 A = Elapsed time spent in this place.
 B = Non-inter-level travel time spent in this place.
 C = Inter-level travel time spent in this place.
 D = Time resting spent in this place.
 E = Time spent auto-exploring this place.
 F = Levels seen in this place.
 G = Mean time per level.
                   A        B        C        D        E       F      G
               +--------+--------+--------+--------+--------+-----+--------+
         Total |   3252 |   3151 |    101 |     52 |   2743 |   3 | 1084.0 |
       Dungeon |   3252 |   3151 |    101 |     52 |   2743 |   3 | 1084.0 |
               +--------+--------+--------+--------+--------+-----+--------+

Top non-repeatable levels by time:
     D:1: 1603 daAuts
     D:2: 1190 daAuts
     D:3: 459 daAuts
